 Dungeon Crawl Stone Soup version 0.20.1-1-g8b1a95d (webtiles) character file.

548 Doomgape the Insei (level 7, -1/52 HPs)
             Began as a Demonspawn Monk on Dec 9, 2017.
             Slain by a two-headed ogre
             ... wielding a +0 giant club
              (24 damage)
             ... on level 4 of the Dungeon.
             The game lasted 00:08:22 (3410 turns).

Doomgape the Insei (Demonspawn Monk)                Turns: 3410, Time: 00:08:22

Health: -1/52      AC:  3    Str: 18    XL:     7   Next: 7%
Magic:  7/7        EV: 13    Int: 11    God:
Gold:   134        SH:  0    Dex: 16    Spells: 3/6 levels left

rFire    . . .     SeeInvis .     - Unarmed
rCold    . . .     Gourm    .   (no shield)
rNeg     . . .     Faith    .   f - +0 leather armour
rPois    .         Spirit   .   (no helmet)
rElec    .         Reflect  .   (no cloak)
rCorr    .         Harm     .   (no gloves)
MR       .....                  (no boots)
Stlth    ++........             (no amulet)
Regen    0.2/turn               (no ring)
MPRegen  0.1/turn               (no ring)

@: mighty
A: hooves 2, nightstalker 1
a: no special abilities


You were on level 4 of the Dungeon.
You were not hungry.

You visited 1 branch of the dungeon, and saw 4 of its levels.

You collected 134 gold pieces.

Inventory:

Armour
 f - a +0 leather armour (worn)
Wands
 o - a wand of disintegration (8/24)
Scrolls
 j - 3 scrolls of amnesia
 n - a scroll of remove curse
Potions
 c - a potion of degeneration {unknown}
 e - a potion of agility {unknown}
 g - a potion of mutation {unknown}
 i - a potion of curing
 k - 2 potions of brilliance {unknown}
 l - 2 potions of magic
 p - a potion of lignification {unknown}
 r - 2 potions of heal wounds
Books
 d - a book of Callings

   Spells                             Type                      Level
   a - Summon Small Mammal            Summoning                    1
   b - Call Imp                       Summoning                    2
   c - Call Canine Familiar           Summoning                    3
   d - Summon Guardian Golem          Hexes/Summoning              3
   e - Summon Lightning Spire         Summoning/Air                4
   f - Summon Ice Beast               Ice/Summoning                4
Comestibles
 a - 2 meat rations
 b - 6 bread rations
 h - 2 royal jellies
 m - a fruit


   Skills:
 - Level 3.0 Fighting
 - Level 2.6 Dodging
 - Level 1.7 Stealth
 + Level 7.4 Unarmed Combat


You had 3 spell levels left.
You knew the following spells:

 Your Spells              Type           Power        Failure   Level  Hunger
a - Summon Guardian Gole  Hex/Summ       #.......     77%         3    ####...


Dungeon Overview and Level Annotations

Branches:
Dungeon (4/15)
 Temple: D:4-7

Altars:
Xom
Zin


Innate Abilities, Weirdness & Mutations

You have hoof-like feet.
You are slightly more attuned to the shadows.


Message History

No target in view!
No target in view!
A two-headed ogre comes into view.
It is wielding a giant club and a giant spiked club.
A two-headed ogre is nearby!
The helpless two-headed ogre fails to defend itself.
You punch the two-headed ogre! You kick the two-headed ogre.
The two-headed ogre is moderately wounded.
The two-headed ogre hits you with a giant club!!
Ouch! That really hurt!
The two-headed ogre completely misses you.
Evoke which item? (* to show all) (? for menu, Esc to quit)
Aiming: Disintegrate (will waste charges)
Press: ? - help, Shift-Dir - straight line, f - two-headed ogre
Aim: a two-headed ogre, wielding a giant club and a giant spiked club (moderately wounded, chance to defeat MR: 48%)
The two-headed ogre is blasted.
Evoking this partially-identified wand wasted a few charges.
Okay, then.
You feel very mighty all of a sudden.
The two-headed ogre hits you with a giant club!!
You die...

#.#.# #.###.. #.#.#
#.#.... ###.# ######.
#.# #. #.# ######. #.#
....... #.#
##############.
#.########..............
#.....O@..............##
##########.#############
#..............
#.#########.### ### ###


You could see a two-headed ogre.

Vanquished Creatures
  A phantom (D:4)
  2 ogres
  A hound (D:4)
  A centaur skeleton (D:4)
  A bullfrog skeleton (D:3)
  4 worker ants
  2 adders
  An ooze (D:2)
  An adder skeleton (D:4)
  3 dart slugs
  2 leopard geckos (D:3)
  7 orcs (D:3)
  9 giant cockroaches
  7 goblins
  8 hobgoblins
  3 jackals (D:3)
  2 quokkas
  6 bats
  3 frilled lizards
  A jackal skeleton (D:4)
  6 kobolds
  7 rats
78 creatures vanquished.

Vanquished Creatures (others)
  4 toadstools (D:1)
4 creatures vanquished.

Grand Total: 82 creatures vanquished

Notes
Turn   | Place    | Note
-------+----------+-------------------------------------------
     0 | D:1      | Doomgape the Demonspawn Monk began the quest for the Orb.
     0 | D:1      | Reached XP level 1. HP: 18/18 MP: 1/1
   161 | D:1      | Reached skill level 3 in Unarmed Combat
   180 | D:1      | Gained mutation: You have large cloven feet. [demonic ancestry]
   180 | D:1      | Reached XP level 2. HP: 23/24 MP: 2/2
   647 | D:1      | Gained mutation: You are slightly more attuned to the shadows. [demonic ancestry]
   647 | D:1      | Reached XP level 3. HP: 29/29 MP: 3/3
   759 | D:2      | Reached skill level 4 in Unarmed Combat
  1365 | D:3      | Reached XP level 4. HP: 29/35 MP: 4/4
  1760 | D:3      | Noticed an ogre
  1775 | D:3      | Killed an ogre
  1775 | D:3      | Reached skill level 5 in Unarmed Combat
  1775 | D:3      | Gained mutation: You have hoof-like feet. [demonic ancestry]
  1775 | D:3      | Reached XP level 5. HP: 14/41 MP: 5/5
  2166 | D:3      | Learned a level 3 spell: Summon Guardian Golem
  2254 | D:3      | Found a glowing silver altar of Zin.
  2254 | D:3      | Found a shimmering altar of Xom.
  2254 | D:3      | Noticed an angel
  2348 | D:3      | Reached skill level 6 in Unarmed Combat
  2658 | D:4      | Reached XP level 6. HP: 36/47 MP: 6/6
  3084 | D:4      | Reached skill level 7 in Unarmed Combat
  3158 | D:4      | Reached XP level 7. HP: 37/52 MP: 7/7
  3390 | D:4      | Noticed a two-headed ogre
  3410 | D:4      | Slain by a two-headed ogre

Skill      XL: |  1  2  3  4  5  6 |
---------------+-------------------+-----
Unarmed Combat | 3 4 5 6 7 |  7.4
Fighting       | |  3.0
Dodging        | |  2.6
Stealth        | |  1.7

Action                   |  1- 3 |  4- 6 |  7- 9 || total
-------------------------+-------+-------+-------++-------
Melee: Unarmed           |   127 |   132 |     9 ||   268
       Kick              |    20 |    27 |     2 ||    49
       Punch             |     3 |     2 |       ||     5
Evoke: Wand              |       |       |     1 ||     1
  Use: Potion            |       |     4 |     1 ||     5
       Scroll            |       |     3 |       ||     3
 Stab: Sleeping          |     8 |     1 |     3 ||    12
  Eat: Chunk             |     2 |     5 |     1 ||     8
Armor: Robe              |    12 |       |       ||    12
       Leather armour    |     3 |    16 |     1 ||    20
Dodge: Dodged            |    73 |    87 |     3 ||   163
